 Dungeon Crawl Stone Soup version 0.27.0-1-g7a089689b8 (webtiles) character file.

Game seed: 7395856352893633261

2 sanka the Vexing (level 1, 13/13 HPs)
             Began as an Octopode Arcane Marksman on Aug 10, 2021.
             Was a Follower of Yredelemnul.
             Quit the game on level 1 of the Dungeon.
             The game lasted 00:00:17 (135 turns).

sanka the Vexing (Octopode Arcane Marksman)          Turns: 135, Time: 00:00:18

Health: 13/13      AC:  1    Str:  9    XL:     1   Next: 40%
Magic:  2/2        EV: 13    Int: 15    God:    Yredelemnul [*.....]
Gold:   0          SH:  0    Dex: 12    Spells: 1/2 levels left

rFire    . . .     SeeInvis .   a - +0 hand crossbow
rCold    . . .     Faith    .   (no shield)
rNeg     . . .     Spirit   .   (helmet restricted)
rPois    .         Reflect  .   (no amulet)
rElec    .         Harm     .   (no ring)
rCorr    .         Rampage  .   (no ring)
Will     .....                  (no ring)
Stlth    ++........             (no ring)
HPRegen  0.04/turn              (no ring)
MPRegen  0.08/turn              (no ring)
                                (no ring)
                                (no ring)

@: no status effects
A: almost no armour, amphibious, 8 rings, camouflage 1, gelatinous body 1,
(nimble swimmer 1), tentacles
a: Renounce Religion, Animate Remains


You were on level 1 of the Dungeon.
You worshipped Yredelemnul.
Yredelemnul was aware of your devotion.
You visited 1 branch of the dungeon, and saw 1 of its levels.


Innate Abilities, Weirdness & Mutations

You cannot wear most types of armour.
You are amphibious.
You can wear up to eight rings at the same time.
Your skin changes colour to match your surroundings (Stealth+).
Your rubbery body absorbs attacks. (AC +1, EV +1)
((You are camouflaged near water. (Stealth+)))
You have tentacles for arms and can constrict up to eight enemies at once.


   Skills:
 - Level 1.0 Fighting
 - Level 2.0 Crossbows
 + Level 2.1 Dodging
 + Level 0.4 Unarmed Combat
 - Level 1.0 Spellcasting
 - Level 3.0 Hexes


You had one spell level left.
You knew the following spells:

 Your Spells              Type           Power      Damage    Failure   Level
Z - Corona                Hex            10%        N/A       7%          1

Your spell library contained the following spells:

 Spells                   Type           Power      Damage    Failure   Level
 Slow                     Hex            9%         N/A       11%         2
 Sublimation of Blood     Necr           0%         N/A       36%         2
 Wereblood                Tmut           0%         N/A       36%         2
 Inner Flame              Hex/Fire       5%         N/A       36%         3
 Portal Projectile        Hex/Tloc       10%        N/A       36%         3
 Cause Fear               Hex            4%         N/A       56%         4
 Summon Hydra             Summ           0%         N/A       100%        7

Inventory:

Hand Weapons
 a - a +0 hand crossbow (weapon)
Missiles
 c - 19 bolts (quivered ammo)
Potions
 b - a potion of cancellation {unknown}
 d - a potion of attraction {unknown}

Dungeon Overview and Level Annotations

Branches:
Dungeon (1/15)

Altars:
Yredelemnul

▒..▒▒▒▒▒.▒ ▒..▒▒ ▒.▒
▒...▒▒▒▒.▒ ▒.▒.▒..... ▒
▒.▒.▒.▒▒.▒ ▒. ▒.▒.▒.▒▒.▒
▒..▒▒▒▒▒▒▒▒.▒▒▒.▒.▒.▒▒.▒
▒.........(.▒...........
▒.▒▒..x▒ ▒.▒........▒
▒......▒▒▒▒▒.▒▒▒.▒.▒▒▒▒
▒▒▒▒.........▒ ▒.▒.▒
▒▒.▒.▒▒▒▒▒▒ ▒...▒ ▒.▒.▒
▒..▒▒ ▒.▒.▒ ▒..▒ ▒.▒.▒
▒..▒ ▒.▒.▒ ▒..▒ ▒.▒.▒
▒▒▒▒▒▒..▒


There were no monsters in sight!


Message History

You see here a rat corpse.
c - 20 bolts (gained 1)
You see here a +0 dagger.
There is a faded altar of an unknown god here.
You cannot tell which god this altar belongs to.
Convert to them anyway?
Yredelemnul accepts your prayer! Yredelemnul welcomes you!
You can now animate remains.
Unknown command.
Press < or > to pray at altars.
Found a bubbling purple potion.
b - a bubbling purple potion
Found a leather armour.
An endoplasm comes into view.
You shoot a bolt.
The bolt hits the endoplasm but does no damage.
The endoplasm quivers.
You shoot a bolt. The bolt hits the endoplasm.
The endoplasm is almost dead.
You shoot a bolt. The bolt hits the endoplasm!
You kill the endoplasm!
Yredelemnul accepts your kill.
c - 18 bolts (gained 1)
c - 19 bolts (gained 1)
Found a lumpy puce potion.
d - a lumpy puce potion
Found 24 stones.
Are you sure you want to abandon this character and quit the game? (Confirm with "yes".)

Action                   || total
-------------------------++-------
 Fire: Hand crossbow     ||     5

Levels and vault maps discovered:
D:1:      amcnicky_arrival_blooded_trapdoor, layout_loops_ring,
          shapermc_ecumenical_altar_mp_highgroup

Notes
Turn   | Place    | Note
-------+----------+-------------------------------------------
     0 | D:1      | sanka the Octopode Arcane Marksman began the quest for the
                  | Orb.
     0 | D:1      | Reached XP level 1. HP: 13/13 MP: 2/2
    24 | D:1      | Found a faded altar of an unknown god.
    41 | D:1      | Became a worshipper of Yredelemnul the Dark
    41 | D:1      | Reached * piety under Yredelemnul
   135 | D:1      | Quit the game

Vanquished Creatures
  An endoplasm (D:1)
  A goblin (D:1)
  A rat (D:1)
3 creatures vanquished.
